 Dungeon Crawl Stone Soup version 0.24.0-37-gcf1ca852f1 (webtiles) character file.

Game seed: 10483554131624839293, levelgen mode: deterministic

66 Delamore the Chopper (level 4, -1/39 HPs)
             Began as a Hill Orc Fighter on Nov 27, 2019.
             Slain by an orc
             ... wielding a +0 flail
              (6 damage)
             ... on level 2 of the Dungeon.
             The game lasted 00:01:28 (1049 turns).

Delamore the Chopper (Hill Orc Fighter)             Turns: 1049, Time: 00:01:28

Health: -1/39      AC:  8    Str: 19    XL:     4   Next: 15%
Magic:  4/4        EV:  7    Int:  8    God:
Gold:   0          SH:  9    Dex: 10    Spells: 3/3 levels left

rFire    . . .     SeeInvis .   a - +0 war axe
rCold    . . .     Gourm    .   c - +0 shield
rNeg     . . .     Faith    .   b - +0 scale mail
rPois    .         Spirit   .   (no helmet)
rElec    .         Reflect  .   (no cloak)
rCorr    .         Harm     .   l - +0 pair of gloves
MR       .....                  (no boots)
Stlth    ..........             (no amulet)
HPRegen  0.13/turn              (no ring)
MPRegen  0.09/turn              (no ring)

@: no status effects
A: no striking features
a: no special abilities


You were on level 2 of the Dungeon.
You were not hungry.

You visited 1 branch of the dungeon, and saw 3 of its levels.

Inventory:

Hand Weapons
 a - a +0 war axe (weapon)
Armour
 b - a +0 scale mail (worn)
 c - a +0 shield (worn)
 l - a +0 pair of gloves (worn)
Jewellery
 m - an uncursed ring of see invisible {unknown}
Scrolls
 h - 2 scrolls of enchant armour {unknown}
 j - a scroll of noise {unknown}
 k - a scroll of amnesia {unknown}
 n - a scroll of teleportation {unknown}
 o - a scroll of remove curse {unknown}
Potions
 d - a potion of might
 e - a potion of berserk rage {unknown}
 g - 3 potions of haste {unknown}
 i - a potion of degeneration {unknown}
 p - a potion of brilliance {unknown}
 r - a potion of mutation {unknown}
Comestibles
 f - 7 rations
 q - 2 chunks of flesh


   Skills:
 - Level 3.6 Fighting
 + Level 5.7 Axes
 - Level 3.2 Armour
 - Level 3.2 Shields


You had 3 spell levels left.
You didn't know any spells.
Your spell library was empty.

Dungeon Overview and Level Annotations

Branches:
Dungeon (3/15)

Altars:


Message History

The frilled lizard barely misses you.
The frilled lizard bites you but does no damage.
You block the frilled lizard's attack.
An orc comes into view. It is wielding a +0 flail.
You feel sick.
The orc shouts!
The orc hits you but does no damage.
You feel sick. You block the orc's attack. The orc hits you but does no damage.
There is a stone staircase leading up here.
The frilled lizard completely misses you.
You climb upwards.
Reactivating autopickup.
There is a stone staircase leading down here.
Sorry, you're not good enough to have a special ability.
You closely miss the frilled lizard. You barely miss the orc.
You feel sick.
You are no longer poisoned.
The orc hits you but does no damage. The frilled lizard barely misses you.
The orc hits you with a +0 flail.
You die...

# #######
...)..###########
####..#........o#########
#..#.#...(..l@.......#
#......#####.#######.#
#.†.#### #.# #.# ####...#
######.# #.# ......##
#......# #.# ...##(#
#.###### #.# ##.##.# #.#
#.######### ##.##.# #.#
#####.........# ......#
#.# #.............#


You could see an orc and a frilled lizard.

Vanquished Creatures
  2 adders (D:2)
  2 worms
  A dart slug (D:1)
  3 leopard geckos
  An orc (D:3)
  4 giant cockroaches
  6 goblins
  2 hobgoblins
  2 kobolds (D:1)
  A quokka (D:2)
  A ball python (D:1)
  4 bats
  2 frilled lizards (D:2)
  6 rats
37 creatures vanquished.

Notes
Turn   | Place    | Note
-------+----------+-------------------------------------------
     0 | D:1      | Delamore the Hill Orc Fighter began the quest for the Orb.
     0 | D:1      | Reached XP level 1. HP: 19/19 MP: 1/1
    73 | D:1      | Reached skill level 3 in Axes
    99 | D:1      | Reached XP level 2. HP: 22/26 MP: 2/2
   278 | D:1      | Reached skill level 4 in Axes
   425 | D:2      | Reached XP level 3. HP: 31/31 MP: 3/3
   553 | D:2      | Reached skill level 5 in Axes
   948 | D:3      | Reached XP level 4. HP: 39/39 MP: 4/4
  1049 | D:2      | Slain by an orc

Levels and vault maps discovered:
D:1:      ebering_trefoil_twist, layout_rooms
D:2:      layout_loops_ring, first_ration
D:3:      layout_rooms

Skill      XL: |  1  2  3 |
---------------+----------+-----
Axes           | 3 4 5 |  5.7
Fighting       | |  3.6
Armour         | |  3.2
Shields        | |  3.2

Action                   |  1- 3 |  4- 6 || total
-------------------------+-------+-------++-------
Melee: War axe           |    92 |    23 ||   115
  Eat: Chunk             |       |     1 ||     1
Armor: Scale mail        |    42 |     9 ||    51
Dodge: Dodged            |    28 |     9 ||    37
Block: Shield            |    48 |    14 ||    62
